cohdb
Replays
Latest Replays
All Replays
Popular Replays
Top Player Replays
Match Explorer
How It Works
Community
CoH3 Stats
Reddit
Sign in to upload your games and track your stats! →
Sign in with Steam
Match 41706013
Unlisted
Match 41706013
Overview
Messages
Build Orders
End
Construct Section Command Post
Vickers Machine Gun Team
Selects Heavy Armor Battlegroup
Infantry Section
Infantry Section
Grenade Package
Construct Field Infirmary
Construct Platoon Command Post
Unlock M3 Stuart Light Tanks
Selects Rigorous Vehicle Training
Selects Light Vehicle Withdraw and Refit
Infantry Section
M3 Stuart Light Tank
Selects Forward Repair Assembly
6-pounder Anti-tank Gun Team
Infantry Training
Construct Company Command Post
Infantry Section
Vickers Machine Gun Team
Crusader II Medium Tank
Selects Radio Net
Selects Recon Artillery
Recon Artillery
Royal Engineer Section
CMP 15cwt Truck
Selects UNKNOWN (2162094)
Churchill IV Heavy Tank
Recon Artillery
Armored Vehicle Training
Atomic Floyd
deadsadbadmad
RNG_Makes_Me_Mad
Woddy
0
0
Comments
sign in to comment!
No comments posted yet!